Map: Frozen Temple

Players

IRonin

  • Race: Terran Terran

Gracz - Winner!

  • Race: Terran Terran
  • League: Silver

VOD

Have the link to the VOD?

Description

Time

  • Played on: Oct. 8, 2016, 8:07 a.m.
  • Length: 17:20
Show
View Real Time Build Order
Export as new Build Order

IRonin Terran 

Build Orders: MMM Bio 

Get SALT Encoding   

  12  0:21  Supply Depot  
  12  0:23  SCV  
  13  0:35  SCV  
  14  0:45  Barracks  
  14  0:47  SCV  
  15  0:59  SCV  
  16  1:10  Supply Depot  
  16  1:11  SCV  
  17  1:20  Refinery  
  17  1:23  SCV  
  18  1:35  SCV  
  18  1:39  Refinery  
  19  1:40  Bunker  
  19  1:46  Barracks  
  19  1:47  SCV  
  20  1:59  SCV  
  21  2:13  Barracks Tech Lab  
  21  2:15  Orbital Command  
  21  2:38  Barracks Reactor  
  21  2:44  Barracks  
  21  2:50  Command Center  
  21  2:58  Factory  
  21  3:09  Supply Depot  
  21  3:16  Engineering Bay  
  21  3:29  Marine x2, Marauder  
  26  3:37  Barracks Reactor  
  25  3:53  Factory Tech Lab  
  25  4:20  Starport  
  25  4:31  Stimpack  
  25  4:33  Refinery  
  25  4:36  Siege Tank  
  28  4:48  SCV  
  29  5:00  SCV  
  29  5:02  SCV  
  31  5:09  Refinery  
  31  5:13  SCV  
  32  5:14  SCV  
  33  5:25  SCV  
  33  5:27  SCV  
  35  5:37  SCV  
  36  5:49  SCV  
  37  6:01  Starport Reactor  
  37  6:05  Siege Tank  
  37  6:26  Missile Turret  
  37  6:29  Missile Turret  
  37  6:31  Combat Shields  
  37  6:35  Marine x4  
  37  6:36  Marine  
  40  6:53  Marine x5  
  42  7:04  Viking x2  
  43  7:11  Marine x5  
  43  7:13  Missile Turret  
  52  7:22  Cyclone  
  52  7:29  Marine x2  
  54  7:50  Concussive Shells  
  54  7:53  Orbital Command  
  54  8:10  Supply Depot  
  54  8:21  Terran Infantry Weapons Level 1  
  54  8:28  SCV  
  54  8:31  Medivac  
  56  8:40  SCV  
  57  8:52  SCV  
  54  9:04  SCV x2  
  56  9:11  Marauder  
  56  9:16  SCV  
  56  9:17  SCV  
  60  9:28  SCV  
  60  9:29  SCV  
  60  9:31  Starport  
  62  9:48  Missile Turret  
  62  10:15  Missile Turret  
  62  10:21  Terran Infantry Armor Level 1  
  62  10:26  Starport Tech Lab  
  62  10:28  Armory  
  62  10:41  Supply Depot, Siege Tank, SCV x2, Marauder  
  69  10:49  Marine x4  
  73  10:53  SCV x2  
  75  11:02  Marauder  
  75  11:03  Supply Depot  
  77  11:05  SCV x2  
  77  11:07  Marine x3  
  82  11:17  SCV x2  
  84  11:21  Terran Vehicle Weapons Level 1  
  84  11:26  Supply Depot  
  84  11:29  SCV x2  
  86  11:40  Command Center  
  86  11:41  SCV x2  
  88  11:48  Supply Depot  
  88  11:57  Siege Tank  
  91  12:15  Terran Infantry Weapons Level 2  
  91  12:22  Marine x5  
  95  12:26  Refinery  
  95  12:29  Siege Tank  
  99  12:38  Refinery  
  99  12:40  Marine x3  
  102  12:49  SCV x2  
  104  12:53  Refinery  
  104  12:54  Orbital Command  
  104  13:01  Siege Tank, SCV x2  
  104  13:02  Marine x3  
  112  13:13  SCV x2  
  112  13:15  Terran Vehicle And Ship Armor Level 1  
  114  13:25  SCV x2  
  116  13:28  Viking x3  
  116  13:33  Siege Tank  
  125  13:37  SCV x2  
  127  13:44  SCV  
  128  13:56  SCV  
  128  13:58  Viking  
  131  14:05  Siege Tank  
  131  14:08  SCV  
  135  14:20  SCV  
  134  14:33  SCV  
  134  14:36  Command Center  
  135  14:45  Command Center  
  135  14:50  Banshee  
  138  14:54  Cloaking Field  
  138  15:04  SCV x3  
  141  15:10  Terran Ship Weapons Level 1  
  141  15:17  Marine x3, SCV x3  
  147  15:29  SCV x3  
  147  15:33  Banshee  
  147  15:34  Supply Depot  
  153  15:42  SCV x2  
  155  15:50  Refinery  
  155  15:54  SCV  
  155  15:56  Medivac  
  158  15:58  Supply Depot  
  158  15:59  Medivac, Refinery  
  155  16:06  SCV  
  137  16:16  Banshee  
  104  16:21  Marine x5  
  97  16:27  Medivac  
  97  16:28  Medivac  
  94  16:39  Marine x5  
Show
View Real Time Build Order
Export as new Build Order

Gracz Terran - Winner!

Build Orders:  

Get SALT Encoding   

  12  0:01  SCV  
  13  0:19  Supply Depot  
  13  0:20  SCV  
  14  0:32  SCV  
  15  0:37  Refinery  
  15  0:41  Barracks  
  15  0:46  SCV  
  16  0:58  SCV  
  17  1:10  SCV  
  18  1:17  Supply Depot  
  18  1:23  SCV  
  19  1:45  Command Center  
  19  1:48  SCV  
  20  1:57  Marine  
  20  1:59  Bunker  
  20  2:00  SCV  
  22  2:10  Barracks  
  22  2:39  Orbital Command  
  22  2:41  Refinery  
  22  2:50  Factory  
  22  2:57  Barracks Reactor  
  22  3:01  Orbital Command  
  22  3:19  Engineering Bay  
  22  3:25  Supply Depot  
  22  3:26  SCV  
  23  3:39  Factory Tech Lab  
  23  3:44  Starport  
  23  3:46  Starport  
  23  3:49  Barracks  
  23  3:59  Supply Depot  
  23  4:13  SCV  
  23  4:14  SCV  
  25  4:20  Barracks Tech Lab  
  25  4:23  Marine  
  26  4:25  SCV  
  26  4:26  SCV  
  28  4:35  Siege Tank  
  31  4:43  SCV x2  
  33  4:48  Liberator  
  33  4:55  SCV  
  34  5:00  Terran Infantry Weapons Level 1  
  34  5:02  Marine x2  
  39  5:20  Medivac  
  41  5:26  Refinery  
  41  5:29  SCV  
  41  5:30  Refinery, SCV  
  43  5:41  SCV  
  43  5:42  SCV  
  45  5:46  Siege Tank  
  48  5:52  Starport Reactor  
  48  5:54  SCV x2  
  50  6:06  SCV x2  
  52  6:18  SCV x2  
  53  6:20  Barracks Tech Lab  
  53  6:21  Marine, Marauder  
  53  6:22  Marine  
  53  6:23  Starport Reactor  
  58  6:39  Marine  
  59  6:40  Marine  
  59  6:42  Marauder  
  62  6:59  Combat Shields  
  62  7:01  Stimpack  
  62  7:04  Marine x2, Marauder  
  66  7:21  Marine x2  
  65  7:25  Marine  
  66  7:32  Medivac x2  
  70  7:39  Marauder  
  72  7:48  Command Center  
  72  8:00  Marauder  
  72  8:04  Marine  
  77  8:05  Marine, Marauder  
  77  8:08  Terran Infantry Armor Level 1  
  78  8:33  Marine x2  
  84  8:34  Marauder x2  
  82  8:51  Marine x2  
  82  8:55  Marine  
  85  8:56  Marauder  
  84  9:05  Medivac x2  
  84  9:06  Medivac x2  
  84  9:08  Orbital Command  
  84  9:09  Marine x2  
  94  9:13  Marine  
  95  9:17  Marine  
  95  9:19  Concussive Shells  
  96  9:27  Marine x2  
  100  9:31  Marauder  
  100  9:35  Marauder  
  102  9:38  Armory  
  102  9:40  Engineering Bay  
  102  9:51  Marine x2  
  102  9:52  Marauder  
  106  9:57  Marauder  
  108  10:09  Marine  
  109  10:21  Supply Depot  
  109  10:23  Supply Depot  
  109  10:24  Supply Depot  
  109  10:35  Refinery  
  109  10:36  Refinery  
  109  10:43  Medivac x4  
  109  10:44  Marine  
  109  10:45  Marauder x2  
  122  10:52  Marine  
  123  11:02  Marine, SCV x2  
  123  11:03  SCV  
  127  11:06  Marauder x2  
  127  11:09  Marine  
  132  11:11  Terran Infantry Weapons Level 2  
  132  11:20  Marine  
  133  11:35  Supply Depot  
  133  11:38  Marine x2, Medivac  
  133  11:39  Marauder x2  
  141  11:45  Terran Infantry Armor Level 2  
  141  11:56  Marine  
  141  11:57  Medivac  
  141  11:58  Widow Mine  
  141  12:00  Marauder  
  148  12:05  Supply Depot, Marauder  
  150  12:21  Marine, Command Center  
  151  12:26  Marine, Widow Mine  
  154  12:38  Command Center  
  154  12:55  Widow Mine  
  156  13:23  Widow Mine  
  154  13:38  Orbital Command  
  154  13:51  Marine x4  
  154  13:52  Orbital Command, Widow Mine  
  160  14:08  Marine  
  159  15:21  Widow Mine  
  161  15:50  Widow Mine  
  153  16:18  Widow Mine  
Tags
 
Add a new tag
Caveats
  • Supply blocks, unpowered buildings, or Contaminate may cause inaccurate times.
  • Supply counts are checked every 10 seconds.